[Event "37th ECCC 2022"]
[Site "Mayrhofen"]
[Date "2022.10.03"]
[Round "1.11"]
[White "Grandelius, Nils"]
[Black "Boel, Marcel"]
[Result "1-0"]
[ECO "A06"]
[WhiteElo "2651"]
[BlackElo "2214"]
[Annotator "TA"]
[PlyCount "69"]
[EventDate "2022.10.03"]
[EventType "team-tourn"]
[EventCountry "AUT"]
[SourceTitle "playchess.com"]
[Source "ChessBase"]
[SourceQuality "1"]
[TimeControl "40/5400+30:1800+30"]

1. Nf3 d5 2. e3 Nf6 3. c4 e6 4. b3 Be7 5. Bb2 O-O 6. Nc3 b6 7. cxd5 {[%emt 0:01:13] A13: English Opening: 1...e6.} exd5 8. d4 c5 9. Be2 {[%emt 0:06:55] The position is equal.} Bb7 10. O-O Nbd7 11. Bd3 Re8 12. Rc1 (12. Ne5 {looks sharper.} cxd4 13. exd4 a6 14. f4) 12... Rc8 {[%emt 0:10:23] [#]} 13. Ne2 $146 ({Predecessor:} 13. Bf5 Qc7 14. Ne5 Rcd8 15. f4 Nf8 16. Bb1 N6d7 17. Qh5 g6 18. Qh3 f6 19. Ng4 {1-0 (31) Sethuraman,S (2644)-Sadykov,R (2345) Chess.com INT 2020}) 13... cxd4 14. Nexd4 Rxc1 15. Qxc1 Qb8 {[%emt 0:00:51] [#]} (15... Bf8 $14) 16. Nf5 $1 $16 Bf8 {[%emt 0:01:10] [#]} 17. Qa1 $1 {[%emt 0:01:44] White is much more active.} a6 {[%emt 0:03:03] [#]} (17... Qd8 $16) 18. Nh6+ $1 gxh6 19. Bxf6 Qd6 20. Bd4 Nc5 21. Bc2 Ne4 22. Nh4 Bc8 23. f3 Ng5 24. f4 ({Better is} 24. Qc3) 24... Ne4 25. Rf3 {[%emt 0:04:25] Threatens to win with Bxe4.} Be7 (25... f6 $16) 26. Bxe4 $18 Bxh4 27. Bd3 Bg4 28. Rf1 ({Inferior is} 28. Bxa6 Bxf3 29. gxf3 Qg6+ 30. Kh1 Bf2 $17) 28... a5 29. Qb2 ({Resist} 29. Qb1 $6 Bf6 $14) 29... Rc8 $2 (29... Bd7 30. Rc1 Bd8) 30. f5 Bh5 31. g4 Bxg4 32. Qg2 h5 33. h3 {[%emt 0:00:09][%cal Bh2h3,Bh3g4][%mdl 96] Pin} f6 34. hxg4 Rc7 35. Qh2 {[%emt 0:01:53] Weighted Error Value: White=0.05 (flawless) /Black=0.27 (precise)} 1-0

[Event "37th ECCC 2022"]
[Site "Mayrhofen"]
[Date "2022.10.03"]
[Round "1.12"]
[White "Van der Elburg, Freddie"]
[Black "Ragger, Markus"]
[Result "0-1"]
[ECO "A20"]
[WhiteElo "2197"]
[BlackElo "2632"]
[Annotator "RC"]
[PlyCount "40"]
[EventDate "2022.10.03"]
[EventType "team-tourn"]
[EventCountry "AUT"]
[SourceTitle "playchess.com"]
[Source "ChessBase"]
[SourceQuality "1"]
[TimeControl "40/5400+30:1800+30"]

1. c4 e5 2. g3 d6 3. Bg2 Be7 4. d4 f5 5. Nc3 Nf6 6. dxe5 dxe5 7. Qxd8+ Bxd8 8. b3 c6 9. e4 Na6 10. Nge2 fxe4 11. Nxe4 Nxe4 12. Bxe4 Nc5 13. Bc2 Bg4 14. Ba3 Be7 15. O-O Bxe2 16. Rfe1 Ne6 17. Bxe7 Nd4 18. Bd6 Nxc2 19. Rxe2 Nxa1 20. Bxe5 O-O-O 0-1

[Event "37th ECCC 2022"]
[Site "Mayrhofen"]
[Date "2022.10.03"]
[Round "1.13"]
[White "Elsness, Frode"]
[Black "Esipenko, Andrey"]
[Result "0-1"]
[ECO "A05"]
[WhiteElo "2468"]
[BlackElo "2668"]
[Annotator "TA"]
[PlyCount "40"]
[EventDate "2022.10.03"]
[EventType "team-tourn"]
[EventCountry "AUT"]
[SourceTitle "playchess.com"]
[Source "ChessBase"]
[SourceQuality "1"]
[TimeControl "40/5400+30:1800+30"]

1. Nf3 Nf6 2. g3 c5 3. Bg2 Nc6 4. d4 cxd4 5. Nxd4 h5 (5... e5 $142 6. Nxc6 dxc6) 6. h3 {[%emt 0:03:06] A04: Unusual lines after 1 Nf3 and King's Indian Attack.} e5 {[%emt 0:04:35] [#]} 7. Nb5 $146 (7. Nxc6 $11 bxc6 8. c4) ({Predecessor:} 7. Nxc6 dxc6 8. Qxd8+ Kxd8 9. Bg5 Be7 10. Nd2 Be6 11. Nf3 Nd7 12. Bxe7+ Kxe7 13. Ng5 {0-1 (65) Gupta,A (2610)-Kovalenko,I (2635) Chess.com INT 2018}) 7... d5 $17 8. Bxd5 {[%emt 0:08:59][%cal Oc1g5] Black is better.} Qa5+ $1 (8... Nxd5 $6 9. Qxd5 Bf5 10. N1c3 $15) 9. N1c3 {[%emt 0:06:04] Strongly threatening Bxc6+.} Nxd5 10. Qxd5 Be6 $1 11. Nd6+ Bxd6 12. Qxd6 {[%emt 0:00:05] [#]} Nd4 $1 {[%emt 0:15:59] And now ...Rd8 would win.} 13. Kf1 Rd8 14. b4 {[%emt 0:09:56] Qxe6+ is the strong threat.} Rxd6 15. bxa5 Rc6 $36 {[%emt 0:00:57][%mdl 2048] Black is in control. Black is much more active. The white rooks are badly placed.} (15... Nxc2 16. Rb1 $15) 16. Bd2 {[%emt 0:07:20] [#]} (16. Bb2 $17 {is a better defense.}) 16... O-O $1 $19 ({And not} 16... Nxc2 17. Rc1 Na3 18. Kg2 $17) 17. Rb1 Rfc8 {[%emt 0:02:07] Black has a decisive advantage.} 18. Nb5 Rxc2 19. Nxd4 exd4 20. Bf4 Bc4 {[%emt 0:02:24] Black took control after the opening.  Weighted Error Value: White=0.25 (precise) /Black=0.03 (flawless)} ({Don't blunder} 20... Rxa2 $2 21. Be5 $19) ({Avoid the trap} 20... Bxa2 $2 21. Rd1 $19) 0-1

[Event "37th ECCC 2022"]
[Site "Mayrhofen"]
[Date "2022.10.03"]
[Round "1.14"]
[White "Moussard, Jules"]
[Black "Mihajlov, Sebastian"]
[Result "1-0"]
[ECO "C92"]
[WhiteElo "2686"]
[BlackElo "2375"]
[Annotator "TA"]
[PlyCount "93"]
[EventDate "2022.10.03"]
[EventType "team-tourn"]
[EventCountry "AUT"]
[SourceTitle "playchess.com"]
[Source "ChessBase"]
[SourceQuality "1"]
[TimeControl "40/5400+30:1800+30"]

1. e4 e5 2. Nf3 Nc6 3. Bb5 a6 4. Ba4 Nf6 5. O-O Be7 6. Re1 b5 7. Bb3 d6 8. c3 O-O 9. h3 Bb7 10. d4 Re8 11. Nbd2 Bf8 12. Bc2 h6 13. d5 Nb8 14. b3 Nbd7 15. c4 c6 16. Nf1 {[%emt 0:00:46] C95: Closed Ruy Lopez: Breyer Variation with 10 d4.} cxd5 17. cxd5 Qc7 18. Bd2 {[%emt 0:05:02] [#] White is slightly better.} Rec8 $146 ({Predecessor:} 18... Rac8 19. Rc1 g6 20. Bb1 Qb8 21. Qe2 Nh5 22. Rxc8 Bxc8 {0-1 (69) Walter,K-Diedam,N Germany 1991}) 19. Rc1 a5 20. a3 Qd8 21. b4 axb4 22. Bxb4 Nc5 23. Qe2 Qd7 24. Rb1 g6 25. Kh2 h5 26. Bd3 Nxd3 27. Qxd3 Qc7 28. Ne3 Ba6 29. Nd2 Nd7 30. Qe2 Nc5 31. Rec1 Qd7 32. Rc2 Be7 33. Rbc1 Kg7 34. Qf3 Bb7 35. Qe2 Ba6 36. Nd1 Bg5 37. Nb2 Bf4+ 38. g3 Bxd2 39. Rxd2 Nb3 (39... Bb7 $1 $11) 40. Rc6 $1 $14 Rxc6 (40... Nxd2 $14 41. Rxd6 Qc7 42. Qxd2 Qc2 43. Qxc2 Rxc2) 41. dxc6 $16 Qxc6 42. Rxd6 Nd4 {[%emt 0:00:00] Hoping for ...Qxd6.} 43. Qe3 Qc7 {[%emt 0:00:00][%mdl 8192] A mistake that costs the game.} (43... Qe8 $16) 44. Nd3 $18 f6 45. Nf4 {[%emt 0:00:00][%cal Of4h5] Threatens to win with Nxh5+! White is clearly winning.} Bc8 {[%emt 0:00:00] [#]} (45... Qf7 $142 46. Nd5 Ne6) 46. Nxh5+ $1 gxh5 {[%emt 0:00:00] [#]} 47. Rxf6 $3 {[%emt 0:00:00][%mdl 512] Weighted Error Value: White=0.03 (flawless) /Black=0.20 (precise)} 1-0

[Event "37th ECCC 2022"]
[Site "Mayrhofen"]
[Date "2022.10.03"]
[Round "1.15"]
[White "Mikalsen, Erlend"]
[Black "Alekseenko, Kirill"]
[Result "0-1"]
[ECO "C28"]
[WhiteElo "2354"]
[BlackElo "2691"]
[Annotator "TA"]
[PlyCount "66"]
[EventDate "2022.10.03"]
[EventType "team-tourn"]
[EventCountry "AUT"]
[SourceTitle "playchess.com"]
[Source "ChessBase"]
[SourceQuality "1"]
[TimeControl "40/5400+30:1800+30"]

1. e4 e5 2. Nc3 Nc6 3. Bc4 Nf6 4. d3 Na5 5. Qf3 c6 6. Nge2 {[%emt 0:00:57] C28: Vienna Game: 2...Nf6 3 Bc4 Nc6.} b5 7. Bb3 d6 $5 {[%emt 0:00:41][%mdl 4] A promising side line.} 8. h3 {[%emt 0:03:33] The position is equal.} Be7 9. Ng3 O-O 10. O-O {[%emt 0:01:19] [#]} h6 $146 ({Predecessor:} 10... Ne8 11. Qd1 Nxb3 12. axb3 f5 13. Nxf5 Bxf5 14. exf5 Rxf5 15. Qg4 Rf7 16. Ra6 Qc7 {1-0 (53) Utegaliev,A (2488)-Thybo,J (2569) Belgrade 2021}) 11. Nf5 Bxf5 12. Qxf5 Re8 13. Be3 Bf8 14. Rad1 Nxb3 15. axb3 g6 16. Qf3 Bg7 17. Rfe1 Qe7 18. Ra1 a5 19. Ra2 b4 20. Ne2 Nh7 21. Rea1 Qc7 22. g4 Nf8 23. Kg2 Ne6 24. h4 d5 25. h5 dxe4 26. dxe4 (26. Qxe4 $14 Kh7 27. Ng3) 26... c5 $11 27. hxg6 fxg6 28. Rh1 (28. Nc1 $15) 28... Rf8 $19 29. Qh3 {[%emt 0:01:18] [#]} (29. Qg3 $142) 29... Qc6 $1 30. Bxh6 $2 (30. f3 Nd4 31. Bxd4 (31. Bxh6 $2 Nxe2 32. Qh4 Bxh6 $19) 31... cxd4 32. Rc1) 30... Qxe4+ {[%emt 0:01:55] Black is clearly winning.} ({Inferior is} 30... Bxh6 31. Qxh6 Qxe4+ 32. Kg1 $17) 31. Kf1 Rf3 ({Weaker is} 31... Nd4 32. Nxd4 cxd4 33. Qg2 (33. Bxg7 $2 Kxg7 34. Rh2 Rh8 $19) 33... Qxg2+ 34. Kxg2 $17) 32. Qh4 {[%emt 0:00:21] [#]} Rxf2+ $3 33. Kxf2 Rf8+ {[%emt 0:00:19] Weighted Error Value: White=0.41/Black=0.19 (very precise)} 0-1

[Event "37th ECCC 2022"]
[Site "Mayrhofen"]
[Date "2022.10.03"]
[Round "1.16"]
[White "Movsesian, Sergei"]
[Black "Elmi, Saad Abobaker"]
[Result "1-0"]
[ECO "B24"]
[WhiteElo "2619"]
[BlackElo "2263"]
[Annotator "TA"]
[PlyCount "71"]
[EventDate "2022.10.03"]
[EventType "team-tourn"]
[EventCountry "AUT"]
[SourceTitle "playchess.com"]
[Source "ChessBase"]
[SourceQuality "1"]
[TimeControl "40/5400+30:1800+30"]

1. e4 c5 2. Nc3 Nc6 3. Bb5 Nd4 4. Nf3 a6 5. Bd3 g6 6. Nxd4 {[%emt 0:03:22] B23: Closed Sicilian: Lines without g3.} cxd4 7. Ne2 Bg7 8. c3 {[%emt 0:06:41] The position is equal.} dxc3 9. dxc3 d6 10. O-O Nf6 11. a4 b6 {[%emt 0:01:38] [#]} 12. c4 $146 ({Predecessor:} 12. a5 b5 13. Be3 Bb7 14. Bb6 Qc8 15. f3 d5 16. Ng3 O-O 17. Qe2 dxe4 18. Bxe4 Nxe4 19. Nxe4 {0-1 (71) Verneuil,P (2114)-Phadke,S (2191) Caleta 2019}) 12... O-O 13. Nc3 Bb7 14. Bg5 Qc7 15. Qd2 e6 16. Rac1 Nd7 17. Rfd1 Bf6 18. Be3 Rfd8 19. f3 Nc5 20. Bc2 {[%emt 0:03:19] Prevents Nb3.} a5 21. Bf4 Be5 22. Bg5 f6 23. Be3 {[%emt 0:02:57] Hoping for Nb5.} Bc6 24. b3 f5 25. exf5 gxf5 26. Kh1 Kh8 27. Ne2 Rg8 28. Ng3 (28. Nd4 $14) 28... Rad8 29. Bf4 Rdf8 30. Qe3 Rf6 31. Nh5 Rfg6 32. Rd2 Bxf4 $1 33. Nxf4 {[%emt 0:00:13] Black must now prevent Rcd1. Dancing on a razor blade.} Rf6 $2 {[%emt 0:02:35] [#]} (33... Rg5 $1 $11 {and Black stays safe.}) 34. Rcd1 $1 $18 ({But not} 34. Nh5 Rff8) 34... e5 {[%emt 0:01:27] [#]} 35. Rxd6 $1 exf4 (35... Qe7 36. Rxf6 Qxf6) 36. Qc3 {[%emt 0:00:11] Weighted Error Value: White=0.07 (flawless) /Black=0.15 (very precise)} 1-0

[Event "37th ECCC 2022"]
[Site "Mayrhofen"]
[Date "2022.10.03"]
[Round "1.17"]
[White "Stigar, Petter"]
[Black "Cornette, Matthieu"]
[Result "0-1"]
[ECO "E62"]
[WhiteElo "2206"]
[BlackElo "2572"]
[Annotator "TA"]
[PlyCount "78"]
[EventDate "2022.10.03"]
[EventType "team-tourn"]
[EventCountry "AUT"]
[SourceTitle "playchess.com"]
[Source "ChessBase"]
[SourceQuality "1"]
[TimeControl "40/5400+30:1800+30"]

1. Nf3 Nf6 2. c4 g6 3. g3 Bg7 4. Bg2 O-O 5. d4 d6 6. O-O c6 7. Nc3 Bf5 8. b3 Ne4 9. Bb2 Nxc3 10. Bxc3 Be4 11. Qd2 Nd7 $1 {[%emt 0:01:29] The main line 11...Nd7 scores better than 11...d5.} 12. Ne1 {[%emt 0:06:11][%cal Bf3e1,Be1g2,Bg2f4][%mdl 32] E62: King's Indian: Fianchetto: 6...c6 and Panno Variation (6...Nc6) without ...a6.} Bxg2 13. Nxg2 d5 14. cxd5 {[%emt 0:02:47] The position is equal.} cxd5 15. Rfc1 {[%emt 0:09:43] [#]} a5 $146 ({Predecessor:} 15... Nf6 16. f3 Re8 17. Rc2 Qb6 18. Ba5 Qa6 19. Bc7 Nd7 20. Rac1 Rac8 21. e3 g5 {½-½ (42) Musalov,R (2332)-Shtembuliak,E (2477) Moscow 2017}) 16. Qd3 Qb6 17. Nf4 e6 18. e3 Rfc8 19. Bb2 Rc6 20. Qd1 a4 21. Nd3 Qb5 22. Bc3 Bf8 23. Rab1 axb3 24. axb3 Ra3 25. Be1 Bd6 26. Rxc6 bxc6 27. Qc2 Nf6 28. Kg2 h5 29. Bd2 Ne4 {[%emt 0:02:24] Black is more active.} 30. Bc1 Ra6 31. f3 Nf6 32. Bb2 g5 33. Nc5 $1 Bxc5 34. dxc5 Nd7 (34... Ra2 $5 ) 35. b4 (35. e4 $11 {remains equal.}) 35... Ra2 $17 {[%emt 0:01:53] [#] Hoping for ...Ne5.} ({Stronger than} 35... Qxb4 36. Bd4 Qc4 37. Qxc4 dxc4 38. Rb7 Ra2+ 39. Kf1 $17) 36. Qd2 $2 {[%emt 0:03:37][%mdl 8192] This costs White the game.} (36. Ra1 $17 {is a better chance.} Rxa1 37. Bxa1) 36... Ne5 $19 {[%emt 0:03:02] And now ...g4 would win. Black is clearly winning.} 37. e4 f6 38. exd5 exd5 39. f4 {[%emt 0:03:21] [#]} Qd3 $2 {[%emt 0:01:30] Weighted Error Value: White=0.44/Black=0.05 (flawless)} (39... Qc4 $1 40. Qe1 Qc2+ 41. Kh1 gxf4 42. gxf4 Ng6) 0-1

[Event "37th ECCC 2022"]
[Site "Mayrhofen"]
[Date "2022.10.03"]
[Round "1.18"]
[White "Terekhov, Andrey"]
[Black "Bjugn, Gisle"]
[Result "1-0"]
[ECO "E01"]
[WhiteElo "2308"]
[BlackElo "1866"]
[Annotator "RC"]
[PlyCount "75"]
[EventDate "2022.10.03"]
[EventType "team-tourn"]
[EventCountry "AUT"]
[SourceTitle "playchess.com"]
[Source "ChessBase"]
[SourceQuality "1"]
[TimeControl "40/5400+30:1800+30"]

1. d4 Nf6 2. c4 e6 3. g3 d5 4. Bg2 Bb4+ 5. Nd2 O-O 6. Ngf3 c5 7. dxc5 dxc4 8. O-O Qd5 9. Qc2 Bxd2 10. Bxd2 Nbd7 11. Bb4 a5 12. Ba3 Re8 13. Nd2 Qh5 14. Nxc4 Nd5 15. Bf3 Qg5 16. h4 Qf6 17. Rfd1 Ne5 18. Nxe5 Qxe5 19. Qa4 Rd8 20. e4 Bd7 21. Qd4 Qf6 22. Bg2 Nc7 23. e5 Qf5 24. Bxb7 Rab8 25. Be4 Qh5 26. c6 Be8 27. Qxd8 Rxd8 28. Rxd8 f5 29. Bg2 Kf7 30. Bd6 Nb5 31. c7 Nxc7 32. Bxc7 Ke7 33. Rb8 Kd7 34. Bxa5 f4 35. Rb7+ Kc8 36. Rc1+ Bc6 37. Bxc6 Qxe5 38. Bf3+ 1-0

[Event "37th ECCC 2022"]
[Site "Mayrhofen"]
[Date "2022.10.03"]
[Round "1.19"]
[White "Erigaisi Arjun"]
[Black "Abel, Dennes"]
[Result "1-0"]
[ECO "B12"]
[WhiteElo "2728"]
[BlackElo "2416"]
[Annotator "TA"]
[PlyCount "85"]
[EventDate "2022.10.03"]
[EventType "team-tourn"]
[EventCountry "AUT"]
[SourceTitle "playchess.com"]
[Source "ChessBase"]
[SourceQuality "1"]
[TimeControl "40/5400+30:1800+30"]

1. e4 c6 2. d4 d5 3. e5 Bf5 4. h4 h6 5. g4 Be4 6. f3 Bh7 7. e6 Nf6 {[%emt 0:00:59] B12: Caro-Kann: Advance Variation.} 8. Bd3 Qd6 9. exf7+ Kxf7 {[%emt 0:00:06] The position is equal.} 10. Ne2 {[%emt 0:03:40] Bf4 is the strong threat.} Nbd7 {[%emt 0:03:45] [#]} 11. Nbc3 $146 ({Predecessor:} 11. g5 Bxd3 12. Qxd3 hxg5 13. Bxg5 e5 14. Nd2 exd4 15. O-O-O c5 16. Nf4 Ne5 17. Qb5 {½-½ (83) Djokic,M (2194)-Keymer,V (2675) Chess.com INT 2022}) 11... e5 {[%emt 0:04:15] Against Bf4} 12. dxe5 Nxe5 (12... Qxe5 13. Bf4 Qe7 14. Bxh7 Rxh7 15. Kf2 $11) 13. O-O Re8 14. Bxh7 (14. Kg2 $142) 14... Rxh7 $17 (14... Nxh7 15. h5 $15) 15. Kg2 g6 (15... g5 $1 $19 {White must now prevent ...Ng6.} 16. Rh1 (16. hxg5 $2 hxg5 17. Rh1 Rxh1 $17) 16... gxh4) 16. Ng3 Kg8 17. Nce2 h5 18. g5 Nfd7 19. f4 Ng4 20. f5 Rhe7 (20... gxf5 $17 21. a3 Nde5) 21. Bf4 $2 {[%emt 0:03:12][%mdl 8192] [#]} (21. Nf4 $1 $11 {and White stays safe.}) 21... Nde5 $2 (21... Rxe2+ $1 $19 22. Nxe2 Ne3+ 23. Bxe3 Rxe3) 22. f6 $11 Rd7 23. c3 c5 24. Kg1 (24. Bxe5 $11 Rxe5 25. Qd3) 24... Qc6 $2 (24... d4 $1 $17 {[%cal Rd4d3] keeps the pressure on.} 25. cxd4 cxd4 26. Qb3+ Qe6) 25. Bxe5 $18 {[%emt 0:01:06] Strongly threatening Bf4.} Nxe5 26. Nf4 $1 c4 {[%emt 0:04:28] [#]} 27. Nge2 $2 (27. Nxg6 $1 $18 Bc5+ 28. Kh2 Ng4+ 29. Kh3) 27... Bc5+ 28. Nd4 {[%emt 0:00:15][%cal Of4g6] aiming for Nxg6! Pair of Knights!} Qd6 {[%emt 0:04:29] [#]} (28... Rf7 $11) 29. Qd2 ({Better is} 29. Qe2 $1 $16 {Hoping for Rae1.} Kf7 30. Rae1) 29... Bxd4+ (29... Nd3 $1 $11 {keeps the balance.} 30. Nxd3 (30. Nxg6 Re4 $11) 30... Qg3+ 31. Qg2 Qxg2+ 32. Kxg2 cxd3) 30. cxd4 $16 ({Don't play} 30. Qxd4 $6 Nd3 31. Nxg6 Qg3+ 32. Kh1 Qh3+ 33. Kg1 Qg3+ 34. Kh1 Qh3+ 35. Kg1 Qg3+ $11) 30... Nd3 {[%emt 0:01:40] Inhibits Rae1.} 31. Nxd3 (31. Nxg6 $14 Qb6 32. Rf4 Nxf4 33. Nxf4) 31... cxd3 $11 32. Qxd3 Re4 {[%emt 0:00:17][%cal Be8e4,Be4h4,Bh4g4][%mdl 32] Threatens to win with ...Rg4+.} 33. Rf2 $36 {[%emt 0:00:33][%mdl 2048] White has the initiative.} Kf7 34. Rc1 (34. Qh3 $11) 34... Qe6 $17 35. Qf3 Rxh4 36. Re2 Rg4+ 37. Kf2 Qd6 ({Black should play} 37... Qf5 $17 38. Qxf5 gxf5 39. Re7+ Rxe7 40. fxe7 Re4) 38. Re5 $1 $11 {[%emt 0:00:14] And now Rc8 would win. Chess con chili.} Qb4 $2 (38... Qb6 $11 39. Re7+ Rxe7 40. fxe7+ Kxe7 41. Re1+ Re4 42. Rxe4+ dxe4 43. Qxe4+ Kf7) 39. Re7+ $1 $18 Rxe7 40. fxe7+ Kxe7 {[%emt 0:00:09] [#]} 41. Qf6+ $1 Kd7 42. Qf7+ Kd8 43. Qc7+ $2 {[%emt 0:00:50] Both players deserved the win here.  Weighted Error Value: White=0.39/Black=0.49} (43. Qxd5+ {mates} Ke8 44. Qe6+ Kf8 45. Rc8+ Kg7 46. Qg8#) 1-0

[Event "37th ECCC 2022"]
[Site "Mayrhofen"]
[Date "2022.10.03"]
[Round "1.20"]
[White "Kristoferitsch, Daniel"]
[Black "Nihal Sarin"]
[Result "0-1"]
[ECO "E94"]
[WhiteElo "2283"]
[BlackElo "2673"]
[Annotator "TA"]
[PlyCount "98"]
[EventDate "2022.10.03"]
[EventType "team-tourn"]
[EventCountry "AUT"]
[SourceTitle "playchess.com"]
[Source "ChessBase"]
[SourceQuality "1"]
[TimeControl "40/5400+30:1800+30"]

1. d4 d6 2. Nf3 Nf6 3. c4 g6 4. Nc3 Bg7 5. e4 O-O 6. Be2 e5 7. O-O Bg4 8. d5 a5 9. Be3 {[%emt 0:01:43] E94: King's Indian: Classical: 6 Be2 e5 7 0-0: Various Black 7th moves.} Na6 10. Qc2 Bd7 {[%emt 0:07:46] [#]} 11. Nd2 $146 {[%emt 0:07:55] The position is equal.} ({Predecessor:} 11. c5 Ng4 12. Bg5 f6 13. c6 bxc6 14. dxc6 Be6 15. Bd2 Qe8 16. Bb5 Kh8 17. Rac1 {½-½ (75) Siekanska,M (1989)-Bukala,W (1801) Sypniewo 2022}) 11... Ng4 12. Bxg4 Bxg4 13. f3 Bd7 14. a3 f5 15. Kh1 f4 16. Bg1 b6 17. Rab1 g5 18. b4 Rf6 19. bxa5 bxa5 20. Rb7 (20. c5 $5) 20... Bf8 21. Rfb1 h5 (21... Rg6 $11) 22. c5 (22. Nb5 $16) 22... Nxc5 $11 23. Bxc5 dxc5 24. Na4 Bxa4 25. Qxa4 Bd6 26. Qb5 (26. R7b5 $14) 26... a4 $1 27. Nc4 Rf8 28. Qc6 Qf6 29. Nxd6 cxd6 30. R1b6 Rad8 31. Qxa4 ({Don't play} 31. Qc7 Rf7 32. Qc6 g4 $15) 31... g4 32. Qd1 Qh4 33. a4 {[%emt 0:01:09] aiming for a5.} Rf7 $1 34. a5 Rxb7 35. Rxb7 {[%emt 0:00:01][%mdl 4096] Endgame KQR-KQR} Ra8 {[%emt 0:00:01] And now ...g3 would win.} 36. Rb5 {[%emt 0:00:30] [#]} (36. Qb1 $11 Rxa5 37. Rb8+ Kf7 38. g3) 36... Kh7 (36... Qf2 $1 $17 {Strongly threatening ...c4.} 37. fxg4 f3 38. gxf3 hxg4) 37. Qf1 {[%emt 0:00:47] [#]} (37. Rb7+ $1 $11 Kg8 38. Rd7) 37... c4 (37... g3 $1 $17 38. Qg1 Kg7) 38. Rb7+ Kg6 39. Rc7 (39. Rb6 $1 $11 {remains equal.}) 39... Rxa5 $17 {[%emt 0:00:11] Hoping for ...Ra2.} 40. Rxc4 Ra2 {[%emt 0:00:27] ( -> ...gxf3)} 41. Rc1 gxf3 {[%emt 0:13:11] Black is more active.} (41... Kh6 $17) 42. Qxf3 $11 Qg4 43. Rg1 Kh6 44. Qb3 Re2 45. Qb8 Qg6 46. Qh8+ Kg5 47. Qd8+ Qf6 48. Qg8+ Kh6 49. h3 (49. Rf1 $1 $15) 49... Rxe4 {[%emt 0:02:32] Weighted Error Value: White=0.17 (very precise) /Black=0.14 (very precise)} 0-1

[Event "37th ECCC 2022"]
[Site "Mayrhofen"]
[Date "2022.10.03"]
[Round "1.22"]
[White "Weber, Daniel"]
[Black "Predojevic, Borki"]
[Result "0-1"]
[ECO "E04"]
[WhiteElo "2145"]
[BlackElo "2584"]
[Annotator "TA"]
[PlyCount "76"]
[EventDate "2022.10.03"]
[EventType "team-tourn"]
[EventCountry "AUT"]
[SourceTitle "playchess.com"]
[Source "ChessBase"]
[SourceQuality "1"]
[TimeControl "40/5400+30:1800+30"]

1. d4 d5 2. c4 e6 3. Nf3 Nf6 4. g3 dxc4 5. Bg2 Nbd7 6. Qa4 a6 7. Qxc4 b5 8. Qc2 Bb7 9. Bg5 c5 {[%emt 0:05:24] E03: Open Catalan: 5 Qa4+ Nbd7 6 Qxc4.} 10. dxc5 {[%emt 0:09:08] aiming for c6.} Bxc5 11. O-O Rc8 {[%emt 0:01:05][%cal Oc5f2] Black is slightly better.} 12. Qd3 O-O (12... Qb6 $5 13. e3 Nd5 $17) 13. Bxf6 Nxf6 14. Qxd8 $1 Rfxd8 {[%emt 0:00:18] [#]} 15. Nc3 $146 ({Predecessor:} 15. Nbd2 Bb6 16. Rac1 Rxc1 17. Rxc1 Ng4 18. Rf1 Ne3 19. fxe3 Bxe3+ 20. Kh1 Bxd2 {1-0 (53) Kaposztas,M (2273)-Dudas,J (2386) Budapest 2001}) 15... Bc6 {[%emt 0:22:33] A strong pair of Bishops.} 16. a3 Be8 17. Rac1 a5 18. e3 Kf8 19. Ne2 Ne4 20. Rfd1 Rxd1+ 21. Rxd1 Nd6 22. Ne5 f6 23. Nd3 Ba7 24. Ndf4 Ke7 25. Bh3 {[%emt 0:01:48] [#]} f5 (25... g5 $142 $1 26. Nd3 (26. Nxe6 $2 Bd7 $19) (26. Bxe6 Rd8 $17) 26... Rc2) 26. Rc1 (26. Nd4 $17) 26... Rxc1+ $19 27. Nxc1 {[%emt 0:00:04] [#]} Nc4 $1 28. Nfd3 Kd6 (28... g6 $19 29. Bf1 e5) 29. Ne2 g6 {[%emt 0:00:59] Black is more active.} 30. Nc3 e5 {[%emt 0:00:38][%cal Be6e5,Be5e4][%mdl 32] And now ...e4 would win.} 31. g4 (31. Bf1 $17 {was the only chance.}) 31... e4 32. Nf4 Nxe3 {[%emt 0:01:12][%cal Ob5b4] Strongly threatening ...b4!} ({Stronger than} 32... Nxb2 33. gxf5 Ke5 34. fxg6 hxg6 35. Bg2 $17) 33. fxe3 (33. gxf5 $142 gxf5 34. fxe3 Bxe3+ 35. Kf1 Bxf4 36. Bxf5) 33... Bxe3+ 34. Kg2 Bxf4 35. gxf5 Ke5 36. f6 (36. fxg6 hxg6 37. Ne2) 36... b4 {[%emt 0:00:23] Black is clearly winning.} 37. axb4 axb4 38. Na2 (38. Ne2 $142 Bg5 39. Kf2) 38... Bd2 {[%emt 0:00:06] Weighted Error Value: White=0.43/Black=0.13 (very precise)} 0-1